[Event "Titled Tuesday Blitz May 4 2021"]
[White "Rojas Alarcon, Julian Antonio"]
[Black "Vega Gutierrez, Sabrina"]
[WhiteFideId "5107407"]
[BlackFideId "2219026"]
[WhiteElo "2333"]
[BlackElo "2281"]
[Result "1-0"]
[Round "03"]
[TimeControl "180+1"]
[Date "2021.05.04"]
[WhiteClock "0:00:07"]
[BlackClock "0:00:01"]

1. c4 e5 2. Nc3 d6 3. g3 f5 4. d4 Be7 5. Bg2 Nf6 6. Bg5 c6 7. Bxf6 Bxf6 8. e3 O-O 9. Nge2 Be6 10. d5 Bf7 11. b4 e4 12. Rc1 Na6 13. a3 Nc7 14. O-O Bh5 15. Qd2 Qd7 16. dxc6 bxc6 17. b5 cxb5 18. cxb5 Be5 19. Nd4 Kh8 20. Nc6 Qf7 21. Nxe5 dxe5 22. Qd6 Rae8 23. Nxe4 fxe4 24. Rxc7 Qf5 25. Rc2 Bf3 26. a4 Rf6 27. Qc7 Rh6 28. Rd2 Bxg2 29. Rd8 Rg8 30. Rxg8+ Kxg8 31. Qd8+ Kf7 32. Qc7+ Kg6 33. Qc6+ Kg5 34. f4+ exf3 35. Qc1 e4 36. Rd1 Kg4 37. Qc7 Rxh2 38. Qxg7+ 1-0


[Site "https://www.chess.com"]

[Event "Titled Tuesday Blitz May 4 2021"]
[White "Ronka, Erik"]
[Black "Colas, Joshua"]
[WhiteFideId "505080"]
[BlackFideId "2044447"]
[WhiteElo "2264"]
[BlackElo "2347"]
[Result "0-1"]
[Round "03"]
[TimeControl "180+1"]
[Date "2021.05.04"]
[WhiteClock "0:00:27"]
[BlackClock "0:00:50"]

1. d4 d5 2. c4 e6 3. Nc3 Nf6 4. cxd5 exd5 5. Bg5 Nbd7 6. e3 c6 7. Qc2 Be7 8. Bd3 O-O 9. Nf3 Re8 10. O-O h6 11. Bf4 Nh5 12. Nxd5 Nxf4 13. Nxf4 Bd6 14. Ne2 c5 15. Ng3 cxd4 16. Nxd4 Ne5 17. Bf5 Bxf5 18. Ndxf5 Bf8 19. Rfd1 Qb6 20. Rac1 g6 21. Nd4 Bg7 22. b3 Rad8 23. h3 h5 24. Qc7 Qxc7 25. Rxc7 Nc6 26. Rxb7 Nxd4 27. exd4 Bxd4 28. Rc1 h4 29. Nf1 Re2 30. Ne3 Rxe3 31. fxe3 Bxe3+ 32. Kf1 Bxc1 33. Rxa7 Bf4 34. Kf2 Rd2+ 35. Kf3 Bg3 36. b4 Rf2+ 37. Ke4 Rxg2 38. b5 Rb2 39. a4 Kg7 40. Rb7 Rb4+ 41. Kf3 Rxa4 42. b6 Rb4 43. Kg2 g5 44. Kf3 Kg6 45. Kg2 Rb2+ 46. Kf3 Rb3+ 47. Kg2 f5 48. Kg1 g4 49. Kg2 Rb2+ 50. Kh1 gxh3 0-1


[Site "https://www.chess.com"]

[Event "Titled Tuesday Blitz May 4 2021"]
[White "Roque Sola, Gisela"]
[Black "Kokoszczynski, Jan"]
[WhiteFideId "5120241"]
[BlackFideId "1174460"]
[WhiteElo "1863"]
[BlackElo "2166"]
[Result "1/2-1/2"]
[Round "03"]
[TimeControl "180+1"]
[Date "2021.05.04"]
[WhiteClock "0:00:10"]
[BlackClock "0:00:13"]

1. c4 e5 2. Nc3 Bb4 3. Nd5 Be7 4. d4 d6 5. e4 c6 6. Nxe7 Qxe7 7. d5 Nf6 8. Bd3 O-O 9. Nf3 h6 10. O-O a5 11. a3 Nbd7 12. Be3 Ng4 13. Bd2 Nc5 14. Bc2 Nf6 15. Qe2 cxd5 16. exd5 a4 17. Bb4 b6 18. Bxc5 bxc5 19. Nd2 Bg4 20. Qd3 Rfb8 21. Ne4 Nxe4 22. Qxe4 f5 23. Qd3 e4 24. Qc3 Qg5 25. Bd1 Bxd1 26. Raxd1 Rb3 27. Qd2 Qxd2 28. Rxd2 Rab8 29. f3 e3 30. Re2 f4 31. g3 g5 32. gxf4 gxf4 33. Rg2+ Kf7 34. Rg4 Rxb2 35. Rxf4+ Ke7 36. Re4+ Kd7 37. Rxe3 Rg8+ 38. Kh1 Rgg2 39. Rfe1 Rxh2+ 40. Kg1 Rbg2+ 41. Kf1 Rc2 42. Re7+ Kc8 43. Re8+ Kb7 44. R1e7+ Ka6 45. Ra8+ Kb6 46. Rb8+ Ka6 47. Ra8+ Kb6 48. Rb8+ Ka6 49. Ra8+ 1/2-1/2


[Site "https://www.chess.com"]

[Event "Titled Tuesday Blitz May 4 2021"]
[White "Rorrer, Grayson"]
[Black "Gabdushev, Ruslan"]
[WhiteFideId "30944996"]
[BlackFideId "4137833"]
[WhiteElo "2416"]
[BlackElo "2312"]
[Result "0-1"]
[Round "03"]
[TimeControl "180+1"]
[Date "2021.05.04"]
[WhiteClock "0:00:01"]
[BlackClock "0:00:03"]

1. e4 Nc6 2. Nf3 d6 3. d4 Bg4 4. Bb5 a6 5. Bxc6+ bxc6 6. h3 Bh5 7. O-O e6 8. Nc3 Nf6 9. Re1 Be7 10. Bg5 Nd7 11. Bxe7 Qxe7 12. Qd3 Nb6 13. a4 a5 14. d5 cxd5 15. Nxd5 Nxd5 16. exd5 O-O 17. Nd4 e5 18. Nc6 Qg5 19. c3 f5 20. b4 Be8 21. Nxa5 f4 22. Kh2 Bd7 23. Qc4 Rf6 24. Qxc7 Rg6 25. Rg1 Bf5 26. Nc6 Re8 27. Rae1 e4 28. Nd4 e3 29. Nxf5 Qxf5 30. Qc4 Re4 31. Qf1 f3 32. gxf3 Qe5+ 33. Rg3 exf2 34. Rxe4 Qxg3+ 35. Kh1 0-1


[Site "https://www.chess.com"]

[Event "Titled Tuesday Blitz May 4 2021"]
[White "Rosenberg, Evan S"]
[Black "De Waele, Warre"]
[WhiteFideId "2019299"]
[BlackFideId "241156"]
[WhiteElo "2121"]
[BlackElo "2183"]
[Result "0-1"]
[Round "03"]
[TimeControl "180+1"]
[Date "2021.05.04"]
[WhiteClock "0:00:00"]
[BlackClock "0:00:58"]

1. Nf3 d5 2. c4 c6 3. d4 Nf6 4. Nc3 e6 5. Bg5 Nbd7 6. e3 Be7 7. Qc2 O-O 8. Rd1 a6 9. a3 h6 10. Bf4 dxc4 11. Bxc4 b5 12. Ba2 c5 13. Bb1 Bb7 14. O-O cxd4 15. Nxd4 e5 16. Bxh6 exd4 17. Bxg7 Kxg7 18. Rxd4 Rh8 19. Rfd1 Qc7 20. g3 Ne5 21. Qf5 Nf3+ 22. Kf1 Nxd4 23. Qg5+ Kf8 24. Rxd4 Rxh2 25. Ke2 Rd8 26. Rf4 Qd6 27. Rd4 Qe6 28. Ba2 Qh3 29. Rh4 Qg2 30. Qh6+ Ke8 31. Qh8+ Bf8 32. Rxh2 Bf3+ 33. Ke1 Qg1# 0-1


[Site "https://www.chess.com"]

[Event "Titled Tuesday Blitz May 4 2021"]
[White "Rychagov, Andrey"]
[Black "Przybylski, Wojciech"]
[WhiteFideId "4119932"]
[BlackFideId "1117599"]
[WhiteElo "2527"]
[BlackElo "2317"]
[Result "0-1"]
[Round "03"]
[TimeControl "180+1"]
[Date "2021.05.04"]
[WhiteClock "0:02:53"]
[BlackClock "0:02:08"]

1. d4 Nf6 2. c4 e6 3. Nf3 d5 4. Nc3 c6 5. e3 Nbd7 6. Qc2 Bd6 7. b3 O-O 8. Be2 Re8 9. Kf1 e5 10. Kg1 exd4 11. Kf1 dxc3 12. cxd5 cxd5 0-1


[Site "https://www.chess.com"]

[Event "Titled Tuesday Blitz May 4 2021"]
[White "Rytenko, Vsevolod"]
[Black "Sawlin, Leonid"]
[WhiteFideId "14133040"]
[BlackFideId "4689542"]
[WhiteElo "2228"]
[BlackElo "2412"]
[Result "0-1"]
[Round "03"]
[TimeControl "180+1"]
[Date "2021.05.04"]
[WhiteClock "0:00:02"]
[BlackClock "0:01:37"]

1. d4 e6 2. c4 d5 3. Nc3 c6 4. Bf4 Bd6 5. Bxd6 Qxd6 6. e3 Nf6 7. Nf3 O-O 8. Bd3 Nbd7 9. O-O b6 10. cxd5 exd5 11. Rc1 Bb7 12. a3 Rac8 13. Bb1 Rfe8 14. Qd3 g6 15. Rfd1 Ne4 16. Nd2 f5 17. f3 Nef6 18. Ne2 Re7 19. Nf1 Rce8 20. b4 Kg7 21. Rd2 Nf8 22. Nf4 Bc8 23. Rdc2 Bd7 24. Ba2 g5 25. Nh3 h6 26. b5 cxb5 27. Nf2 Ne6 28. Rc3 f4 29. Bb1 Nf8 30. Rc7 fxe3 31. Nxe3 Rxe3 32. Qc2 Re1+ 33. Rxe1 Rxe1# 0-1


[Site "https://www.chess.com"]

[Event "Titled Tuesday Blitz May 4 2021"]
[White "Rzayev, Bahruz"]
[Black "Quesada Perez, Yuniesky"]
[WhiteFideId "13403036"]
[BlackFideId "3504409"]
[WhiteElo "2331"]
[BlackElo "2622"]
[Result "0-1"]
[Round "03"]
[TimeControl "180+1"]
[Date "2021.05.04"]
[WhiteClock "0:00:06"]
[BlackClock "0:00:17"]

1. Nf3 d5 2. g3 Nf6 3. Bg2 c6 4. O-O Bf5 5. d3 h6 6. Nbd2 e6 7. Qe1 Be7 8. e4 Bh7 9. e5 Nfd7 10. Qe2 O-O 11. Re1 c5 12. h4 Nc6 13. Nf1 Rc8 14. Bf4 Nd4 15. Qd2 Qc7 16. c3 Nxf3+ 17. Bxf3 b5 18. Ne3 d4 19. Ng4 dxc3 20. bxc3 Kh8 21. Bxh6 gxh6 22. Qxh6 Rg8 23. Be4 Rg7 24. Nf6 Nf8 25. Nh5 Rg8 26. Nf6 Bxf6 27. Qxf6+ Rg7 28. Rab1 a6 29. a4 Bxe4 30. Rxe4 Rb8 31. axb5 axb5 32. h5 Kg8 33. Qf3 Nh7 34. Qe3 Qe7 35. d4 Ng5 36. Rh4 Nf3+ 37. Qxf3 Qxh4 38. dxc5 Qg4 39. Qc6 Qxh5 40. Qd6 Rf8 41. c6 Rh7 42. Kg2 Qh3+ 43. Kf3 Qf5+ 44. Kg2 Qe4+ 45. f3 Qxb1 46. c7 Qc2+ 47. Kg1 Qh2+ 48. Kf1 Qh1+ 49. Ke2 Rh2+ 50. Ke3 Qc1+ 51. Ke4 Re2+ 52. Kd3 Qd2# 0-1


[Site "https://www.chess.com"]

[Event "Titled Tuesday Blitz May 4 2021"]
[White "Samadov, Read"]
[Black "Keymer, Vincent"]
[WhiteFideId "13417444"]
[BlackFideId "12940690"]
[WhiteElo "2084"]
[BlackElo "2474"]
[Result "0-1"]
[Round "03"]
[TimeControl "180+1"]
[Date "2021.05.04"]
[WhiteClock "0:00:02"]
[BlackClock "0:00:07"]

1. d4 Nf6 2. c4 e6 3. g3 Bb4+ 4. Bd2 Be7 5. Bg2 d5 6. Nf3 O-O 7. O-O c6 8. Qc2 Nbd7 9. Nc3 dxc4 10. a4 a5 11. e4 b6 12. Rfd1 h6 13. Be3 Ba6 14. h3 Rc8 15. Bf1 Re8 16. Qd2 Bb4 17. Qc2 b5 18. Ne5 Nxe5 19. dxe5 Nd7 20. Qd2 Nxe5 21. Qe2 Qf6 22. f4 Nd3 23. e5 Qg6 24. Kh2 Bxc3 25. bxc3 b4 26. Bb6 c5 27. Bxa5 Bb7 28. Bb6 bxc3 29. a5 Ra8 30. Ra3 Nb4 31. Bxc5 Nd5 32. Qf2 Rec8 33. Bd4 c2 34. Rc1 Nb4 35. Rc3 Nd3 36. Qxc2 Nxc1 37. Qxg6 fxg6 38. Rxc1 Bd5 39. Bb6 Ra6 40. Rc3 Kf7 41. Kg1 Raa8 42. Kf2 Rc6 43. Ke3 g5 44. Kd4 gxf4 45. gxf4 Rac8 46. Be2 g6 47. h4 h5 48. Bd1 Rb8 49. Ba4 Rcxb6 50. axb6 Rxb6 51. Bd1 Rb2 52. Ke3 Rh2 53. Be2 Rxh4 54. Kd4 Rxf4+ 55. Kc5 g5 56. Kd6 h4 0-1


[Site "https://www.chess.com"]

[Event "Titled Tuesday Blitz May 4 2021"]
[White "Samarth, J Rao"]
[Black "Bologan, Victor"]
[WhiteFideId "46652370"]
[BlackFideId "13900048"]
[WhiteElo "1514"]
[BlackElo "2511"]
[Result "0-1"]
[Round "03"]
[TimeControl "180+1"]
[Date "2021.05.04"]
[WhiteClock "0:00:55"]
[BlackClock "0:01:24"]

1. c4 e5 2. Nc3 Nf6 3. Nf3 Nc6 4. e3 Bb4 5. d4 e4 6. Nd2 Bxc3 7. bxc3 O-O 8. g4 Qe7 9. g5 Ne8 10. h4 d6 11. Bg2 f5 12. gxf6 Nxf6 13. Ba3 b6 14. Qc2 Bf5 15. O-O-O Na5 16. Rdg1 c5 17. Bh3 Bxh3 18. Rxh3 Qf7 19. Rhg3 g6 20. Nxe4 Nxe4 21. Qxe4 Kh8 22. h5 Qf5 23. hxg6 Qxe4 24. g7+ Kg8 25. gxf8=Q+ Kxf8 26. Rg8+ Kf7 0-1


[Site "https://www.chess.com"]

[Event "Titled Tuesday Blitz May 4 2021"]
[White "Sanal, Vahap"]
[Black "Omk124"]
[WhiteFideId "6300545"]
[WhiteElo "2507"]
[BlackElo "2615"]
[Result "1-0"]
[Round "03"]
[TimeControl "180+1"]
[Date "2021.05.04"]
[WhiteClock "0:01:59"]
[BlackClock "0:01:15"]

1. e4 c5 2. Nf3 d6 3. d4 cxd4 4. Nxd4 Nf6 5. Nc3 a6 6. a3 e5 7. Nf5 d5 8. Bg5 Bxf5 9. exf5 d4 10. Ne4 Be7 11. Bxf6 Bxf6 12. g3 Nc6 13. Bg2 Qe7 14. O-O O-O 15. c3 Rfd8 16. Qg4 g6 17. Qf3 Bh8 18. f6 Qf8 19. g4 h6 20. h4 g5 21. hxg5 hxg5 22. Nxg5 Qh6 23. Ne4 dxc3 24. bxc3 Qg6 25. g5 Rd5 26. Bh3 Qh7 27. Bf5 Qh4 28. Kg2 Qf4 29. Qh3 Rd3 30. Qh7+ 1-0


[Site "https://www.chess.com"]

[Event "Titled Tuesday Blitz May 4 2021"]
[White "Sanchez Alvares, Kelvin Antonio"]
[Black "Gahan, M G"]
[WhiteFideId "3906680"]
[BlackFideId "5027373"]
[WhiteElo "2247"]
[BlackElo "2264"]
[Result "0-1"]
[Round "03"]
[TimeControl "180+1"]
[Date "2021.05.04"]
[WhiteClock "0:00:11"]
[BlackClock "0:00:44"]

1. e4 c5 2. Nf3 d6 3. d4 cxd4 4. Nxd4 Nf6 5. Nc3 a6 6. Bg5 e6 7. f4 Be7 8. Qf3 Qc7 9. O-O-O Nbd7 10. g4 h6 11. Bxf6 Bxf6 12. h4 Nb6 13. g5 Bxd4 14. Rxd4 Qc5 15. Rd3 Bd7 16. g6 fxg6 17. h5 g5 18. fxg5 Qxg5+ 19. Kb1 Qe5 20. Qf2 Nc4 21. Rg3 Rc8 22. Rhg1 Rf8 23. Qe1 Rf7 24. Bd3 b5 25. Qe2 Nxb2 26. Kxb2 Qxc3+ 27. Kb1 Qe5 28. Qg2 Kf8 29. Rf3 Be8 30. Rgf1 Rc7 31. Qg6 Kg8 32. Qg2 Rxf3 33. Rxf3 Rf7 34. Rg3 Qxh5 35. e5 Qxe5 36. Qa8 Qxg3 37. Qxe8+ Rf8 38. Qxe6+ Kh8 39. Qe4 g6 40. Qe7 Qg1+ 41. Kb2 Qd4+ 42. Kb3 Qf6 43. Qb7 Qf7+ 44. Qxf7 Rxf7 45. Bxg6 0-1


[Site "https://www.chess.com"]

[Event "Titled Tuesday Blitz May 4 2021"]
[White "Saraci, Nderim"]
[Black "Arkell, Keith C"]
[WhiteFideId "6351921"]
[BlackFideId "400270"]
[WhiteElo "2486"]
[BlackElo "2398"]
[Result "1-0"]
[Round "03"]
[TimeControl "180+1"]
[Date "2021.05.04"]
[WhiteClock "0:00:16"]
[BlackClock "0:00:06"]

1. d4 e6 2. Nf3 Nf6 3. c4 Bb4+ 4. Bd2 Bxd2+ 5. Qxd2 d6 6. Nc3 Qe7 7. g3 e5 8. Bg2 O-O 9. dxe5 dxe5 10. Nd5 Nxd5 11. cxd5 c6 12. O-O cxd5 13. Qxd5 Nc6 14. Rfd1 Bf5 15. a3 Rfd8 16. Qc4 h6 17. Rac1 Rxd1+ 18. Rxd1 Rc8 19. Qa4 a6 20. e3 Qc5 21. Nh4 Be6 22. Be4 g6 23. Qc2 Qxc2 24. Bxc2 Na5 25. Be4 f5 26. Bd5 Kf7 27. b4 Nc4 28. Bxb7 Rc7 29. Bxa6 Nxa3 30. Nf3 e4 31. Nd4 Rd7 32. Rc1 Ra7 33. b5 Nc4 34. Nxe6 1-0


[Site "https://www.chess.com"]

[Event "Titled Tuesday Blitz May 4 2021"]
[White "Sargissyan, Sargis"]
[Black "Golsta, Madara"]
[WhiteFideId "13303210"]
[BlackFideId "11607386"]
[WhiteElo "2174"]
[BlackElo "1880"]
[Result "0-1"]
[Round "03"]
[TimeControl "180+1"]
[Date "2021.05.04"]
[WhiteClock "0:00:01"]
[BlackClock "0:00:09"]

1. e4 c5 2. Nf3 d6 3. d4 cxd4 4. Nxd4 Nf6 5. Nc3 g6 6. Be3 Bg7 7. f3 Nc6 8. Qd2 O-O 9. O-O-O d5 10. exd5 Nxd5 11. Nxc6 bxc6 12. Bd4 Nxc3 13. Qxc3 Bh6+ 14. Kb1 e5 15. Bc4 exd4 16. Qb3 Bf5 17. g4 Rb8 18. Qa4 Qb6 19. b3 Bd7 20. Qa3 Qb4 21. Qb2 Bg7 22. Rd3 c5 23. h4 Qxc4 24. bxc4 Rxb2+ 25. Kxb2 Be6 26. Ra3 Bxc4 27. Rxa7 Rb8+ 28. Kc1 Bd5 29. Rf1 Bf8 30. Ra5 Bc4 31. Re1 Bd6 32. c3 d3 33. Re4 Bd5 34. Rea4 Bc6 35. Rc4 Bxf3 36. Kd2 Be2 37. Rca4 Rb2+ 38. Ke3 Kg7 39. h5 Bf1 40. g5 gxh5 41. Ra6 Be5 42. Re4 Bxc3 43. Rc4 Bd4+ 44. Ke4 d2 0-1


[Site "https://www.chess.com"]

[Event "Titled Tuesday Blitz May 4 2021"]
[White "Sarkar, Justin"]
[Black "Markidis, Konstantinos"]
[WhiteFideId "2010011"]
[BlackFideId "4203500"]
[WhiteElo "2140"]
[BlackElo "2304"]
[Result "0-1"]
[Round "03"]
[TimeControl "180+1"]
[Date "2021.05.04"]
[WhiteClock "0:00:08"]
[BlackClock "0:01:29"]

1. e4 e6 2. d4 d5 3. e5 c5 4. c3 Nc6 5. Be3 Nh6 6. Bd3 Qb6 7. Qd2 Ng4 8. Nf3 Nxe3 9. fxe3 Be7 10. O-O O-O 11. Qc2 h6 12. Nbd2 Bd7 13. a3 Rac8 14. Rf2 f5 15. exf6 Bxf6 16. Raf1 cxd4 17. exd4 Nxd4 18. Nxd4 Bxd4 19. cxd4 Rxf2 0-1


[Site "https://www.chess.com"]

[Event "Titled Tuesday Blitz May 4 2021"]
[White "Saucey, Michel"]
[Black "Kubatko, Ivan"]
[WhiteFideId "601845"]
[BlackFideId "24111473"]
[WhiteElo "2253"]
[BlackElo "2285"]
[Result "0-1"]
[Round "03"]
[TimeControl "180+1"]
[Date "2021.05.04"]
[WhiteClock "0:00:06"]
[BlackClock "0:00:06"]

1. e4 d5 2. exd5 Qxd5 3. Nc3 Qa5 4. d4 Nf6 5. Bd2 c6 6. Bc4 Bf5 7. Nd5 Qd8 8. Nxf6+ gxf6 9. Nf3 Rg8 10. O-O Bh3 11. Bxf7+ Kxf7 12. Ng5+ fxg5 13. Qh5+ Rg6 14. Qxh7+ Bg7 15. Qxh3 g4 16. Qb3+ e6 17. f4 Qxd4+ 18. Kh1 Qxb2 19. f5 Rh6 20. fxe6+ Ke8 21. Qxb2 Bxb2 22. Rab1 Rxe6 23. Rxb2 b6 24. Rb3 Nd7 25. Re3 Ke7 26. Bb4+ c5 27. Rxe6+ Kxe6 28. Bc3 Rg8 29. g3 b5 30. Rf4 b4 31. Bb2 a5 32. Kg2 Kd5 33. Rf5+ Kc6 34. Rf4 Nb6 35. h3 gxh3+ 36. Kxh3 c4 37. Bd4 Nd5 38. Re4 Rf8 39. Re6+ Kd7 40. Re4 Kd6 41. Be5+ Kc6 42. Bf4 Nxf4+ 43. Rxf4 Rxf4 44. gxf4 a4 45. f5 b3 46. axb3 a3 47. f6 Kd7 48. f7 Ke7 49. bxc4 Kxf7 50. c5 a2 51. c6 a1=Q 52. c7 Qa8 53. c3 Qc8+ 0-1


[Site "https://www.chess.com"]

[Event "Titled Tuesday Blitz May 4 2021"]
[White "Schmidt, Harald"]
[Black "Maranhao,Jose Renato Ruiz"]
[WhiteFideId "4648358"]
[BlackFideId "2135175"]
[WhiteElo "2278"]
[BlackElo "1970"]
[Result "1-0"]
[Round "03"]
[TimeControl "180+1"]
[Date "2021.05.04"]
[WhiteClock "0:00:21"]
[BlackClock "0:00:14"]

1. e4 c6 2. d4 d5 3. e5 Bf5 4. h4 h6 5. c4 e6 6. Nc3 Nd7 7. g4 Bh7 8. Nge2 Be7 9. h5 Bg5 10. Nf4 Qb6 11. c5 Qb4 12. a3 Qa5 13. b4 Qc7 14. Bd3 Nxe5 15. Bxh7 Rxh7 16. Nxe6 fxe6 17. Bxg5 Nc4 18. Bh4 Nf6 19. Bg3 Qd7 20. O-O O-O-O 21. a4 g6 22. hxg6 Rg7 23. g5 hxg5 24. b5 Rxg6 25. bxc6 Qxc6 26. Nb5 Qa6 27. Re1 Ne4 28. Rxe4 dxe4 29. Qe2 Rxd4 30. Nxd4 e5 31. Nb5 Na5 32. Qxe4 Nb3 33. Rd1 Rh6 34. Qxe5 1-0


[Site "https://www.chess.com"]

[Event "Titled Tuesday Blitz May 4 2021"]
[White "Sellitti, Federico"]
[Black "TigrVShlyape"]
[WhiteFideId "821829"]
[WhiteElo "2605"]
[BlackElo "2827"]
[Result "0-1"]
[Round "03"]
[TimeControl "180+1"]
[Date "2021.05.04"]
[WhiteClock "0:00:22"]
[BlackClock "0:00:45"]

1. e4 e5 2. Nc3 Bc5 3. f4 d6 4. Nf3 Nf6 5. Bc4 exf4 6. d4 Bb4 7. O-O O-O 8. Bxf4 Bxc3 9. bxc3 Nxe4 10. Qd3 d5 11. Bb3 c6 12. Ne5 Be6 13. Rae1 Nd7 14. c4 Nxe5 15. Bxe5 dxc4 16. Qxe4 cxb3 17. axb3 Bd5 18. Qg4 f6 19. Bf4 b5 20. Re3 Rf7 21. Rfe1 Qd7 22. Qg3 Rd8 23. Bc7 Rc8 24. Bd6 h5 25. h3 Rd8 26. Bc7 Qxc7 27. Re8+ Rxe8 28. Rxe8+ Kh7 29. Qh4 g6 30. Qe1 Qf4 31. Rd8 Qxd4+ 32. Kf1 Qe4 33. Qf2 Qf5 0-1


[Site "https://www.chess.com"]

[Event "Titled Tuesday Blitz May 4 2021"]
[White "Senthil Maran K"]
[Black "Qi, Henry"]
[WhiteFideId "25035681"]
[BlackFideId "2073188"]
[WhiteElo "2194"]
[BlackElo "2138"]
[Result "1-0"]
[Round "03"]
[TimeControl "180+1"]
[Date "2021.05.04"]
[WhiteClock "0:00:29"]
[BlackClock "0:00:11"]

1. d4 g6 2. e4 d6 3. Nc3 Nf6 4. f4 Bg7 5. e5 Nfd7 6. Nf3 c5 7. Be3 cxd4 8. Bxd4 Nc6 9. e6 Nf6 10. exf7+ Kf8 11. Bc4 Bg4 12. O-O Rc8 13. Ng5 Bxd1 14. Ne6+ Kxf7 15. Nxd8+ Ke8 16. Nxc6 Rxc6 17. Bb5 Bxc2 18. Rac1 Bf5 19. Nd5 Kd7 20. Bxc6+ bxc6 21. Nxf6+ exf6 22. b4 Rb8 23. a3 a6 24. Rfd1 Bh6 25. g3 Bg4 26. Re1 f5 27. Kg2 Bf8 28. h3 Bh5 29. Kf2 h6 30. Rg1 g5 31. g4 Bg6 32. fxg5 hxg5 33. gxf5 Bxf5 34. Rxg5 Bxh3 35. Rh1 Be6 36. Rh7+ Kc8 37. Rh8 Kb7 38. Bg7 Be7 39. Rxb8+ Kxb8 40. Rg6 Bd5 41. Bf6 Bf8 42. Ke3 Kb7 43. Kd4 Kb6 44. a4 c5+ 45. Kxd5 cxb4 46. Bd8+ Kb7 47. Rf6 Bg7 48. Rf7+ 1-0


[Site "https://www.chess.com"]

[Event "Titled Tuesday Blitz May 4 2021"]
[White "Sergey85Rodchenkov"]
[Black "tylityli"]
[WhiteElo "2542"]
[BlackElo "2322"]
[Result "1-0"]
[Round "03"]
[TimeControl "180+1"]
[Date "2021.05.04"]
[WhiteClock "0:00:08"]
[BlackClock "0:00:07"]

1. Nf3 Nf6 2. c4 c5 3. b3 d5 4. cxd5 Nxd5 5. Bb2 Nc6 6. g3 Bg4 7. Bg2 e6 8. O-O Be7 9. d4 O-O 10. Nc3 Bxf3 11. Bxf3 Nxd4 12. Bg2 Nxc3 13. Bxc3 Bf6 14. Rc1 Qb6 15. e3 Nf5 16. Bxf6 gxf6 17. Qg4+ Kh8 18. Rfd1 Rad8 19. Qf4 Kg7 20. h4 Rxd1+ 21. Rxd1 Rd8 22. Rxd8 Qxd8 23. Bxb7 Qd2 24. Be4 Nd6 25. Bf3 Nf5 26. h5 h6 27. Be4 Nd6 28. Bc6 Nf5 29. Qg4+ Kf8 30. Qc4 Qd6 31. Be4 Ne7 32. Kg2 Qe5 33. Bf3 f5 34. Qa6 Qc7 35. Qb5 Kg7 36. Qc4 Qe5 37. b4 cxb4 38. Qxb4 Nd5 39. Qb3 Nf6 40. a4 Qa1 41. Qc4 Qe5 42. Qb4 a5 43. Qb5 1-0


[Site "https://www.chess.com"]

[Event "Titled Tuesday Blitz May 4 2021"]
[White "Sevian, Samuel"]
[Black "Shapiro, David"]
[WhiteFideId "2040506"]
[BlackFideId "24133523"]
[WhiteElo "2952"]
[BlackElo "2261"]
[Result "0-1"]
[Round "03"]
[TimeControl "180+1"]
[Date "2021.05.04"]
[WhiteClock "0:00:14"]
[BlackClock "0:00:13"]

1. e4 c6 2. d4 d5 3. Nc3 dxe4 4. Nxe4 Bf5 5. Nc5 e5 6. Nxb7 Qb6 7. Nc5 exd4 8. Nb3 Bb4+ 9. Bd2 Bxd2+ 10. Qxd2 c5 11. Nf3 Nf6 12. Bd3 Bxd3 13. cxd3 O-O 14. O-O Nbd7 15. Rac1 a5 16. Qc2 a4 17. Nbd2 Nd5 18. Nc4 Qg6 19. Qd2 Nb4 20. Nce5 Nxe5 21. Nxe5 Qe6 22. Rxc5 Nxa2 23. Nc4 Rfb8 24. Re1 Qg6 25. Rc7 Re8 26. Ra1 a3 27. Rxa2 axb2 28. Nxb2 Rxa2 29. h3 Ra1+ 30. Nd1 Qh5 31. f3 Qe5 32. Rc2 Qg3 33. Kf1 Qh2 34. Kf2 Qh1 35. Nb2 Qg1+ 36. Kg3 Ra6 37. Rc5 Rg6+ 38. Rg5 Qe3 39. Qxe3 dxe3 40. Rxg6 e2 0-1


[Site "https://www.chess.com"]

[Event "Titled Tuesday Blitz May 4 2021"]
[White "Shahinyan, David"]
[Black "Trost, Edvin"]
[WhiteFideId "13304380"]
[BlackFideId "1729519"]
[WhiteElo "2372"]
[BlackElo "2028"]
[Result "0-1"]
[Round "03"]
[TimeControl "180+1"]
[Date "2021.05.04"]
[WhiteClock "0:00:03"]
[BlackClock "0:01:11"]

1. e4 g6 2. Nc3 Bg7 3. Bc4 d6 4. Qf3 Nf6 5. h4 Nc6 6. h5 Ne5 7. Qe2 Nxc4 8. Qxc4 Nxh5 9. d3 c6 10. Nf3 Nf6 11. Bh6 Bxh6 12. Rxh6 Qb6 13. Ng5 e6 14. Qb3 Ng4 15. Qxb6 axb6 16. Rxh7 Rxh7 17. Nxh7 Ke7 18. Ng5 e5 19. Ke2 Nf6 20. Rh1 b5 21. a3 Be6 22. g3 Bg4+ 23. f3 Bd7 24. f4 Bg4+ 25. Ke3 Nh5 26. Rg1 f6 27. Nf3 Rh8 28. Nh4 Nxf4 29. Kd2 Kf7 30. Nd1 Bxd1 31. Kxd1 Ne6 32. Rf1 Nd4 33. c3 Ne6 34. Ke2 d5 35. Ke3 Kg7 36. Ra1 Rd8 37. a4 dxe4 38. dxe4 bxa4 39. Rxa4 Rd3+ 40. Kxd3 Nc5+ 41. Kc4 Nxa4 42. b3 Nb2+ 43. Kc5 Nd1 44. c4 Nc3 45. Kb6 Nxe4 46. b4 Nd6 47. c5 Nb5 48. Kxb7 Nd4 49. Kc7 f5 50. Kd6 Kf6 51. Ng2 g5 52. b5 cxb5 53. Kd5 b4 54. Kc4 f4 55. gxf4 gxf4 56. Nxf4 exf4 57. Kxd4 Ke7 58. Ke4 b3 59. Kxf4 b2 60. Ke5 b1=Q 0-1


[Site "https://www.chess.com"]

[Event "Titled Tuesday Blitz May 4 2021"]
[White "Shamsi, Mohammadhossein"]
[Black "Bortnyk, Olexandr"]
[WhiteFideId "12507326"]
[BlackFideId "14120828"]
[WhiteElo "2203"]
[BlackElo "2723"]
[Result "0-1"]
[Round "03"]
[TimeControl "180+1"]
[Date "2021.05.04"]
[WhiteClock "0:00:07"]
[BlackClock "0:00:14"]

1. d4 d6 2. Nf3 Nf6 3. g3 g6 4. Bg2 Bg7 5. O-O O-O 6. b3 Bf5 7. Bb2 Qc8 8. Re1 c5 9. Nbd2 cxd4 10. Nxd4 Bh3 11. c4 Bxg2 12. Kxg2 Nc6 13. Rc1 Re8 14. N2f3 Ng4 15. Qd2 Nxd4 16. Bxd4 e5 17. Bb2 e4 18. Bxg7 Kxg7 19. Qd4+ f6 20. Ng1 Qc5 21. Rcd1 Qf5 22. f3 Nh6 23. Qxd6 Qa5 24. Qd2 Qa6 25. Qc3 Re7 26. a4 Rae8 27. f4 e3 28. Rd5 Ng4 29. Nf3 Qe6 30. f5 gxf5 31. Qd4 Qc8 32. Nh4 Nh6 33. Rf1 Re4 34. Qxa7 f4 35. Nf3 fxg3 36. hxg3 Qg4 37. Qxb7+ R8e7 38. Qb8 Nf5 39. Rh1 R4e5 40. Rh3 Rxd5 41. cxd5 Nd4 42. Qf4 Qxf4 43. gxf4 Nxe2 44. Kf1 Nxf4 45. Rg3+ Kf7 46. Ke1 Nxd5 47. Ke2 Nf4+ 48. Ke1 Nd3+ 49. Ke2 Nc1+ 50. Ke1 Nxb3 51. Nd4 Nxd4 0-1


[Site "https://www.chess.com"]

[Event "Titled Tuesday Blitz May 4 2021"]
[White "Shapkin, Anatoliy"]
[Black "Vovk, Orest"]
[WhiteFideId "34108332"]
[BlackFideId "14113490"]
[WhiteElo "2221"]
[BlackElo "2203"]
[Result "0-1"]
[Round "03"]
[TimeControl "180+1"]
[Date "2021.05.04"]
[WhiteClock "0:00:04"]
[BlackClock "0:00:04"]

1. d4 Nc6 2. c4 e5 3. d5 Nce7 4. Nc3 Ng6 5. Nf3 Bc5 6. h4 d6 7. b4 Bb6 8. Na4 e4 9. h5 exf3 10. hxg6 fxg6 11. exf3 Nf6 12. Be2 O-O 13. O-O Bd7 14. Bb2 Qe8 15. Nxb6 axb6 16. Re1 Qf7 17. Bd3 Nh5 18. Qd2 Nf4 19. Bf1 Qf5 20. Qd4 Rf7 21. Re3 Qg5 22. g3 Nh5 23. Bg2 Raf8 24. f4 Qh6 25. Re6 Nxf4 26. gxf4 Bxe6 27. dxe6 Rxf4 28. Qe3 Rxf2 29. Qxh6 gxh6 30. e7 Rxb2 31. exf8=Q+ Kxf8 32. b5 Re2 33. Bxb7 h5 34. a4 h4 35. Rf1+ Kg7 36. Bd5 Re7 37. Ra1 g5 38. a5 bxa5 39. Rxa5 h5 40. Ra7 Kf6 41. Ra8 g4 42. Kg2 h3+ 43. Kg3 Re3+ 44. Kf2 Rc3 45. Rh8 g3+ 46. Ke2 Kg5 47. Rg8+ Kh4 48. Kd2 Ra3 49. Re8 h2 50. Re4+ Kg5 51. Re8 Ra2+ 52. Ke3 g2 53. Rg8+ Kh4 54. Rxg2 h1=Q 55. Rxa2 Qe1+ 56. Re2 Qd1 57. Rh2+ Kg3 58. Rg2+ Kh4 59. Rh2+ Kg5 60. Rg2+ Kh6 61. Rd2 Qc1 62. Kd3 Qf1+ 63. Re2 h4 64. Kd2 Qf4+ 65. Kd3 h3 66. Re6+ Kg5 67. Re7 h2 68. Rxc7 Qf5+ 69. Kd4 Qxd5+ 70. Kxd5 h1=Q+ 71. Kxd6 Qh2+ 72. Kc6 Qg2+ 73. Kb6 Qf2+ 74. Kb7 Kf6 75. b6 Ke6 76. c5 Qf3+ 77. Kb8 Qf8+ 78. Rc8 Qf4+ 79. Kb7 Kd5 80. c6 Qf7+ 81. c7 Kc5 82. Rd8 Qf3+ 83. Kb8 Qf4 84. b7 Kc6 85. Rc8 Kb6 86. Ka8 Qa4+ 87. Kb8 Qa7# 0-1


[Site "https://www.chess.com"]